Cogmind - Beta 17 @@@ ROGUE MODE // 2026.06.28 @ 20:34:20 Player: D4-RLM Result: Destroyed by as-42954 with Assembled Blade Performance ------------- Evolutions (0) 0 Regions Visited (4) 800 Robots Destroyed (29) 145 Value Destroyed (636) 636 Prototype IDs (25) 500 Alien Tech Used (0) 0 Bonus (300) 300 TOTAL SCORE: 2381 Bonus ------- Aligned with FarCom 300 Cogmind --------- Core Integrity 0/250 Matter 231/300 Energy 97/100 System Corruption 0% Temperature Cool (34) Movement Rolling (130) Ox2 Location -9/Mines Parts ------- > --- POWER (1) -------- (None) > --- PROPULSION (2) --- Compact Wheel Compact Wheel > --- UTILITY (2) ------ Huge Storage Unit Medium Armor Plating > --- WEAPON (2) ------- Small Laser > --- INVENTORY (25) --- Ion Engine Ion Engine Wheel Wheel Compact Wheel Compact Wheel Compact Wheel Scrap Suit Large Storage Unit Small Battery (100) High-capacity Matter Pod (200) Experimental Sensor Array Cloak of Protection Light Armor Plating Medium Armor Plating Rocket Launcher Datajack Peak State ------------ > --- POWER ------------ Light Ion Engine > --- PROPULSION ------- Compact Wheel Compact Wheel > --- UTILITY ---------- Huge Storage Unit Medium Armor Plating > --- WEAPON ----------- Small Laser Rocket Launcher > --- INVENTORY -------- Ion Engine Ion Engine Wheel Wheel Compact Wheel Compact Wheel Compact Wheel Scrap Suit Large Storage Unit Small Battery High-capacity Matter Pod Experimental Sensor Array Cloak of Protection Light Armor Plating Medium Armor Plating Rocket Launcher Datajack [Rating: 13] Favorites ----------- Power Ion Engine Engine Ion Engine Propulsion Compact Wheel Treads Light Treads Wheel Compact Wheel Utility Seismic Detector Device Seismic Detector Storage Huge Storage Unit Protection Medium Armor Plating Weapon Assault Rifle Energy Gun Small Laser Ballistic Gun Assault Rifle Launcher Rocket Launcher Build | -11 -10 -10 -10 -9 ------- Run | Yrd Mat Min Exi Min Slots Evolved . | . . . . . Power . | . . . . . Propulsion . | . . . . . Utility . | . . . . . Weapon . | . . . . . Parts Attached 18 | 7 5 6 . . Power 3 | 1 . 2 . . Engine 3 | 1 . 2 . . Core . | . . . . . Reactor . | . . . . . Propulsion 5 | 2 2 1 . . Treads 2 | 2 . . . . Leg . | . . . . . Wheel 3 | . 2 1 . . Hover . | . . . . . Flight . | . . . . . Utility 4 | 2 1 1 . . Device 1 | 1 . . . . Storage 2 | 1 1 . . . Processor . | . . . . . Hackware . | . . . . . Protection 1 | . . 1 . . Artifact . | . . . . . Weapon 6 | 2 2 2 . . Energy Gun 2 | 1 . 1 . . Energy Cannon . | . . . . . Ballistic Gun 3 | 1 2 . . . Ballistic Cannon . | . . . . . Launcher 1 | . . 1 . . Special Weapon . | . . . . . Impact Weapon . | . . . . . Slashing Weapon . | . . . . . Piercing Weapon . | . . . . . Special Melee Weapon . | . . . . . Unidentified Prototypes . | . . . . . Parts Lost 9 | . 1 6 . 2 Power 2 | . . 1 . 1 Propulsion 1 | . . 1 . . Utility 1 | . . 1 . . Weapon 5 | . 1 3 . 1 Highest Loss Streak 4 | . 1 4 . 2 To Critical Strikes . | . . . . . Average Backups 9 | 1 4 13 13 15 Power 1 | . 1 1 2 2 Propulsion 2 | . . 4 5 5 Utility 3 | . 1 4 4 6 Weapon 1 | . 1 1 1 1 Tool/Special . | . . . . . Unused Backups 14 | . . . 1 13 Power 1 | . . . . 1 Propulsion 2 | . . . . 2 Utility 9 | . . . 1 8 Weapon 1 | . . . . 1 Tool/Special 1 | . . . . 1 Average Slot Usage (%) 97 | . 99 92 100 97 Engine 13 | . 14 13 14 12 Treads 12 | . 26 . . . Wheel 14 | . . 26 28 28 Device 10 | . 14 12 . . Storage 14 | . 14 14 14 14 Protection 3 | . . . 14 14 Energy Gun 5 | . 3 . 14 14 Ballistic Gun 17 | . 24 21 . . Launcher 3 | . . 1 14 13 Peak Build Rating 13 | 7 9 10 11 13 Average Rating 8 | 5 7 7 10 11 On Entrance 7 | . 7 9 10 11 Avg Prop Armor Cover (%) . | . . . . . Naked Turns . | . . . . . Heaviest Build 95 | 15 91 95 95 95 Greatest Support 40 | 40 40 32 32 32 Greatest Overweight (x) 30 | . 30 5 2 2 Average Overweight (x) 1 | . . 2 2 2 Largest Inventory Capacity 25 | 8 25 25 25 25 Average Capacity 18 | 6 12 25 25 25 Most Carried 18 | 2 13 16 15 18 Average Carried 9 | 1 4 13 13 16 Final Capacity 25 | 8 25 25 25 25 Final Carried 18 | 2 11 13 15 18 Class Distribution -------------------- 100% | Mutant Dominant Class ---------------- Mutant | -10/Materials Mutant | -10/Mines Mutant | -10/Exiles Mutant | -9/Mines Resources | -11 -10 -10 -10 -9 ----------- Run | Yrd Mat Min Exi Min Matter Collected 855 | 282 149 424 . . Remotely . | . . . . . Salvage Created 948 | 128 479 324 . 17 Parts 56 | 10 27 19 . . Haulers Intercepted . | . . . . . Recyclers Shooed 2 | . 2 . . . Parts Field Recycled . | . . . . . Retrieved Matter . | . . . . . Parts Self-Destructed . | . . . . . Prevented . | . . . . . Parts Restored . | . . . . . Kills | -11 -10 -10 -10 -9 ------- Run | Yrd Mat Min Exi Min Combat Hostiles Destroyed 21 | . 12 7 . 2 Guns 15 | . 11 4 . . AOE 6 | . 1 3 . 2 Classes Destroyed 8 | 2 4 1 . 1 Worker 2 | . 1 1 . . Builder 1 | . . 1 . . Tunneler 3 | 3 . . . . Recycler 2 | 1 1 . . . Watcher 2 | . 2 . . . Swarmer 6 | . 6 . . . Grunt 13 | . 6 7 . . Assembled 2 | . . . . 2 Best Kill Streak 6 | 4 6 4 . 2 Combat Bots Only 5 | . 5 3 . 2 Max Kills in Single Turn 2 | 1 2 2 . 2 Gunslinging . | . . . . . Exploded 2 | . 1 2 . 2 Melee . | . . . . . Uniques/NPCs Destroyed . | . . . . . Combat | -11 -10 -10 -10 -9 -------- Run | Yrd Mat Min Exi Min Hostile Shots Fired 147 | . 59 61 . 27 Missed 45 | . 16 19 . 10 Hits 102 | . 43 42 . 17 Melee 7 | . . . . 7 Projectile 95 | . 43 42 . 10 Critical Strikes 1 | . . . . 1 Damage Taken 1459 | 61 473 554 . 371 Core 275 | . 49 153 . 73 Absorbed by Shields . | . . . . . Core Remaining (%) 100 | 100 . . . . Volleys Fired 87 | 4 38 41 . 4 Largest 2 | 2 2 2 . 1 Hottest 60 | 60 60 43 . 40 Shots Fired 144 | 8 74 58 . 4 Gun 141 | 8 74 56 . 3 Cannon . | . . . . . Launcher 3 | . . 2 . 1 Special . | . . . . . Kinetic 114 | 4 54 56 . . Thermal 3 | . . . . 3 Explosive 3 | . . 2 . 1 Electromagnetic 24 | 4 20 . . . Robot Hit Streak 15 | 6 7 15 . . Robot Miss Streak 4 | . 4 2 . 4 Penetration Max . | . . . . . Secondary Targets 1 | . 1 . . . Max Gunslinging Chain 1 | . 1 . . . Shots Hit Robots 94 | 6 44 44 . . Core Hits 46 | 4 23 16 . 3 Critical Kills 1 | . 1 . . . Critical Parts Destroyed . | . . . . . Critical Strikes 3 | . 3 . . . Destroy 1 | . 1 . . . Corrupt 2 | . 2 . . . Melee Attacks . | . . . . . Impact . | . . . . . Slashing . | . . . . . Piercing . | . . . . . Sneak Attacks . | . . . . . Combat Hostiles . | . . . . . Follow-up Attacks . | . . . . . Damage Inflicted 1781 | 135 749 757 . 140 Guns 1242 | 57 614 571 . . Cannons . | . . . . . Explosions 539 | 78 135 186 . 140 Melee . | . . . . . Ramming . | . . . . . Kinetic 996 | . 425 571 . . Thermal 213 | 78 135 . . . Explosive 326 | . . 186 . 140 Electromagnetic 246 | 57 189 . . . Impact . | . . . . . Slashing . | . . . . . Piercing . | . . . . . Highest Corruption . | . . . . . Average Corruption . | . . . . . Corruption Purged . | . . . . . Corruption Blocked . | . . . . . Overload Shots . | . . . . . Overflow Damage . | . . . . . Projectiles . | . . . . . Explosions . | . . . . . Melee . | . . . . . Knockbacks . | . . . . . Impact . | . . . . . Kinetic . | . . . . . Secondary . | . . . . . Self-Inflicted Damage 143 | 61 33 . . 49 Shots 4 | 2 1 . . 1 Rammed . | . . . . . Targets Rammed . | . . . . . Kicked . | . . . . . Crushed . | . . . . . Highest Temperature 114 | 24 114 7 . 18 Average Temperature 32 | 16 44 2 . 16 Received Heat Transfer 502 | . 150 312 . 40 Siege Activations . | . . . . . Martial Activations . | . . . . . Shielding Activations . | . . . . . Robots Disrupted . | . . . . . Combat Hostiles . | . . . . . Robots Corrupted . | . . . . . Combat Hostiles . | . . . . . Parts Fried . | . . . . . Impact Corruptions . | . . . . . Robots Melted . | . . . . . Combat Hostiles . | . . . . . Parts Melted . | . . . . . Heat Transferred 300 | 50 250 . . . Parts Sabotaged . | . . . . . Parts Stolen . | . . . . . Parts Stripped . | . . . . . Power Chain Reactions 4 | 2 2 . . . Alert | -11 -10 -10 -10 -9 ------- Run | Yrd Mat Min Exi Min Maximum Alert Level . | . . . . . Low Security (%) 100 | 100 100 100 . 100 Level 1 . | . . . . . Level 2 . | . . . . . Level 3 . | . . . . . Level 4 . | . . . . . Level 5 . | . . . . . High Security . | . . . . . Max Security . | . . . . . Peak Influence 172 | 10 172 105 . 25 Initial . | . . . . . Average 26 | 1 40 15 . . Influence Increases 589 | 20 334 210 . 25 Destroy 0b10 Robot/C 380 | . 240 140 . . Destroy 0b10 Robot/NC 50 | 20 20 10 . . Destroy Leader 74 | . 44 30 . . Successful Hack 8 | . 8 . . . Disable Machine 15 | . 15 . . . Destroy Structure 32 | . 7 15 . 10 Lose Combat Pursuer 30 | . . 15 . 15 Influence Decreases 584 | 20 334 129 81 20 Entered New Map 81 | . . . 81 . Time Decay 463 | 20 324 109 . 10 Lost Part 40 | . 10 20 . 10 Squads Dispatched 1 | . 1 . . . Investigation . | . . . . . Extermination . | . . . . . Reinforcement 1 | . 1 . . . Assault . | . . . . . Garrison . | . . . . . Intercept . | . . . . . Searches Triggered . | . . . . . Construction Impeded . | . . . . . Haulers Reinforced . | . . . . . Active Scanning Responses . | . . . . . Cargo Convoy Interrupts . | . . . . . Stealth | -11 -10 -10 -10 -9 --------- Run | Yrd Mat Min Exi Min Distress Signals 2 | . 2 . . . Communications Jammed . | . . . . . Distress Signals . | . . . . . Times Spotted 38 | . 20 7 . 11 Peak Tracking Total 11 | . 4 4 . 11 Tactical Retreats 2 | . . 1 . 1 Traps | -11 -10 -10 -10 -9 ------- Run | Yrd Mat Min Exi Min Traps Triggered . | . . . . . Indirectly . | . . . . . Trap Hack Attempts . | . . . . . Triggered . | . . . . . Disarmed . | . . . . . Reprogrammed . | . . . . . Reused . | . . . . . Traps Extracted . | . . . . . Installed . | . . . . . Triggered . | . . . . . Machines | -11 -10 -10 -10 -9 ---------- Run | Yrd Mat Min Exi Min Machines Disabled 1 | . 1 . . . Max in Single Turn 1 | . 1 . . . Machines Repaired . | . . . . . Machines Dismantled . | . . . . . Machines Sabotaged . | . . . . . Overloaded Fab Kills . | . . . . . Hacking | -11 -10 -10 -10 -9 --------- Run | Yrd Mat Min Exi Min Machines Accessed 5 | . 4 . 1 . Terminals 3 | . 3 . . . Fabricators . | . . . . . Repair Stations . | . . . . . Recycling Units 1 | . 1 . . . Scanalyzers . | . . . . . Garrison Access . | . . . . . Total Hacks 7 | . 6 . 1 . Successful 4 | . 3 . 1 . Failed 3 | . 3 . . . Catastrophic . | . . . . . Database Lockouts . | . . . . . Manual 4 | . 3 . 1 . Terminals 5 | . 5 . . . Fabricators . | . . . . . Repair Stations . | . . . . . Recycling Units 1 | . 1 . . . Scanalyzers . | . . . . . Garrison Access . | . . . . . Terminal Hacks 3 | . 2 . 1 . Prototype ID Bank 1 | . 1 . . . Level Access Points 1 | . 1 . . . Proto ID Catalog 1 | . . . 1 . Fabricator Hacks . | . . . . . Repair Station Hacks . | . . . . . Recycling Unit Hacks 1 | . 1 . . . Report Inventory 1 | . 1 . . . Scanalyzer . | . . . . . Garrison Access Hacks . | . . . . . Unauthorized Hacks . | . . . . . Terminals . | . . . . . Fabricators . | . . . . . Repair Stations . | . . . . . Recycling Units . | . . . . . Scanalyzers . | . . . . . Garrison Access . | . . . . . Data Cores Recovered . | . . . . . Used . | . . . . . Hacking Detections 3 | . 3 . . . Full Trace Events . | . . . . . Feedback Events . | . . . . . Feedback Blocked . | . . . . . Robot Schematics Acquired . | . . . . . Robots Built . | . . . . . Authchips . | . . . . . Time . | . . . . . Total Robot Build Rating . | . . . . . Part Schematics Acquired . | . . . . . Parts Built . | . . . . . Authchips . | . . . . . Time . | . . . . . Total Part Build Rating . | . . . . . Part Studies Acquired . | . . . . . Parts Repaired . | . . . . . Time . | . . . . . Parts Recycled . | . . . . . Recycled Matter . | . . . . . Retrieved Matter . | . . . . . Retrieved Components . | . . . . . Parts Scanalyzed . | . . . . . Part Schematics Acquired . | . . . . . Parts Damaged . | . . . . . Bothacking | -11 -10 -10 -10 -9 ------------ Run | Yrd Mat Min Exi Min Used RIF Installer . | . . . . . Robots Hacked . | . . . . . Non-combat . | . . . . . Combat . | . . . . . Robot Hacks Applied . | . . . . . Relay Couplers Released . | . . . . . Fabnet Peak Effective % . | . . . . . Robots Rewired . | . . . . . Allies Hacked . | . . . . . Hacks Repelled . | . . . . . Allies | -11 -10 -10 -10 -9 -------- Run | Yrd Mat Min Exi Min Total Allies . | . . . . . Largest Group . | . . . . . Highest-Rated Group . | . . . . . Highest-Rated Ally . | . . . . . Total Orders . | . . . . . Ally Attacks . | . . . . . Total Damage . | . . . . . Kills . | . . . . . Allies Corrupted . | . . . . . Allies Melted . | . . . . . Intel | -11 -10 -10 -10 -9 ------- Run | Yrd Mat Min Exi Min Active Infowar (turns) 1978 | 13 1319 646 . . Seismic 1978 | 13 1319 646 . . Robot Analysis Total . | . . . . . Derelict Logs Recovered 1 | . . . . 1 Drone Launches . | . . . . . Drone Recoveries . | . . . . . Exploration | -11 -10 -10 -10 -9 ------------- Run | Yrd Mat Min Exi Min Turns Passed 2826 | 115 1319 716 347 329 Spaces Moved 1646 | 58 639 441 265 243 Core 3 | 1 2 . . . Treads 670 | 57 613 . . . Legs . | . . . . . Wheels 973 | . 24 441 265 243 Hover . | . . . . . Flight . | . . . . . Fastest Speed 50 | 50 130 130 130 130 Average Speed 153 | 158 185 131 130 130 Slowest Speed 1550 | 160 1550 175 130 130 Overloaded Moves . | . . . . . Propulsion Burnouts . | . . . . . Robots Hopped . | . . . . . Potential Cave-ins . | . . . . . Cave-ins Triggered . | . . . . . Exploration Rate (%) 53 | 5 75 68 62 57 Regions Visited 4 Branch Regions 3 Pre-discovered Areas 1 | . . 1 . . Known Exits Taken . | . . . . . Unknown Exits Taken 4 | 1 1 1 1 . Scrap Searched 2 | . . 2 . . Spaces Dug . | . . . . . Terrain Destroyed 36 | 5 5 15 . 11 Melee . | . . . . . Projectile . | . . . . . AOE 36 | 5 5 15 . 11 Terrain Rammed . | . . . . . Walls Destroyed . | . . . . . Machines Disabled . | . . . . . Actions | -11 -10 -10 -10 -9 --------- Run | Yrd Mat Min Exi Min Total 1804 | 70 696 517 268 253 Wait 28 | . 3 21 . 4 Move 1642 | 57 638 440 264 243 Hop . | . . . . . Pick Up 22 | 2 8 7 3 2 Fast Attach 10 | 7 2 1 . . Attach 6 | . 1 5 . . Detach 2 | . 2 . . . Swap 3 | . 2 1 . . Drop 4 | . 2 1 1 . Fire 87 | 4 38 41 . 4 Melee . | . . . . . Ram . | . . . . . Kick . | . . . . . Crush . | . . . . . Escape Stasis . | . . . . . Rewire . | . . . . . Trap . | . . . . . Miscellaneous . | . . . . . Route ------- -11/Scrapyard -10/Materials (discovered 4 exits: *Mat x3 / [*Min]) -10/Mines (discovered 3 exits: *Mat / *Exi / [*Sub]) -10/Exiles -9/Mines (discovered 1 exit: Mat) History --------- Turn | Location | Event 7 | -11/Scrapyard | Discovered new exit (range 15) 116 | -11/Scrapyard | Entered Materials 314 | -10/Materials | Build established: Mutant 486 | -10/Materials | Discovered new exit (range 16) 601 | -10/Materials | Discovered new exit (range 13) 720 | -10/Materials | Identified exit to Materials 1435 | -10/Materials | Entered Mines 1618 | -10/Mines | Received a Rocket Launcher from a helpful Derelict 1848 | -10/Mines | Discovered new exit (range 10) 1915 | -10/Mines | Discovered exit to Materials (range 8) 1916 | -10/Mines | Learned location of Storage (-9) 2074 | -10/Mines | Core integrity fell below 50% 2082 | -10/Mines | Core integrity fell below 20% 2112 | -10/Mines | Lost 4 parts (1n1u2w) 2145 | -10/Mines | Deemed a non-threat by the Exiles lab entrance 2145 | -10/Mines | Discovered new exit (range 5) 2151 | -10/Mines | Entered Exiles 2187 | -10/Exiles | Met 8R-AWN 2209 | -10/Exiles | Met EX-HEX 2248 | -10/Exiles | Met EX-BIN 2266 | -10/Exiles | Aligned with FarCom system 2267 | -10/Exiles | Given EX-Vault access code 2298 | -10/Exiles | Opened EX-Vault 2311 | -10/Exiles | Found Cloak of Protection 2337 | -10/Exiles | Warned to stay clear of 0b10 Research branches 2376 | -10/Exiles | Met EX-DEC 2481 | -10/Exiles | Discovered new exit (range 14) 2498 | -10/Exiles | Left Exiles lab with Cloak of Protection 2498 | -10/Exiles | Entered Mines 2536 | -9/Mines | Met a Derelict bent on vengeance 2605 | -9/Mines | Found a damaged Exp. Sensor Array with a note attached 2608 | -9/Mines | Found Prototype Device 2685 | -9/Mines | Identified exit to Materials 2743 | -9/Mines | Found a Scrap Suit stashed away for nefarious purposes 2745 | -9/Mines | Found Scrap Suit 2767 | -9/Mines | Assembled infested the area 2827 | -9/Mines | Destroyed by as-42954 with Assembled Blade Last Messages --------------- this to the hideout, the fools near Old Recycling think they can use this tech to beat 0b10 one day, and now we just have to find a way to safely deliver this to MAIN.C to get on their good side and convince them to let us into the system." 02745_ Acquired Scrap Suit. 02767_ ALERT: Infestation in the mines, dispatching Demolisher response squad. 02780_ as-06871 sneak attacks. 02780_ K-01 Serf system corrupted by crushing effect. 02783_ C-45 Heavy ARC bursts open, deploying its payload. 02783_ D-53 Grenadier unfolds itself. 02794_ Lgt. Ion Engine destroyed. 02800_ as-27979 destroyed. 02800_ as-22195 destroyed. 02809_ Rocket Launcher destroyed. 02822_ Knocked back. Map ----- +----------------------------------------------------+ | ????????# #?????????????????? | | ????????# #?????????????????? | | ????????# #?????? ??????????? | | ???????? ?????# ? ####? | | ???????? ????# ??? | | ???????? ????# ?????# | | ???????? ???## ????# | | ??????? #### ??????# | | ??????? ## ??????? | | ??????? ! ???????? | | ???????? ????????? | | ????????## #????????? | | ??????????# ##???????# | | ?????????## ######### | | ????????## ## | | ??????### % | | ?????## % | | ?????# # | | ????## a #### | | ????# ###??### | | ???## a## #??????? | | ??## #### ##??????? | | ??# aa##??### ##???????? | | ??# a ##?????######????????? | | ??# aa##????????????????????? | | ??# @ #?????????????????????? | | ??# #????????????????????? | | ??# #???????????